 Dungeon Crawl Stone Soup version 0.29.0-5-ge4962eb29e (webtiles) character file.

Game seed: 16866220474161905670

8780 apoch the Envoy of Void (level 11, -3/99 HPs)
             Began as a Hill Orc Fighter on Aug 28, 2022.
             Was a High Priest of Lugonu.
             Slain by a sixfirhy (12 damage)
             ... summoned by an obsidian statue
             ... on level 10 of the Dungeon.
             The game lasted 00:22:01 (12131 turns).

apoch the Envoy of Void (Hill Orc Fighter)         Turns: 12131, Time: 00:22:02

Health: -3/99      AC: 21    Str: 24    XL:     11   Next: 36%
Magic:  18/18      EV:  9    Int: 10    God:    Lugonu [*****.]
Gold:   544        SH:  0    Dex: 10    Spells: 10/10 levels left

rFire   + . .      SeeInvis .   a - +1 war axe (elec)
rCold   . . .      Faith    .   l - orb {light}
rNeg    . . .      Spirit   .   C - +3 chain mail {rF+}
rPois   .          Reflect  .   (no helmet)
rElec   .          Harm     .   v - +0 cloak
rCorr   .          Rampage  .   (no gloves)
Will    .....                   H - +0 pair of boots of Wobuip {Int+2 Stlth+}
Stlth   ..........              (no amulet)
HPRegen 0.26/turn               D - +4 ring of protection
MPRegen 0.16/turn               f - +4 ring of slaying

@: mesmerised, glowing
A: no striking features
a: Renounce Religion, Depart the Abyss, Bend Space, Banish, Corrupt, Enter the
Abyss


You were on level 10 of the Dungeon.
You worshipped Lugonu.
Lugonu was extremely pleased with you.
You visited 2 branches of the dungeon, and saw 11 of its levels.

You collected 544 gold pieces.

Inventory:

Hand Weapons
 a - a +1 war axe of electrocution (weapon)
 b - a +1 morningstar
 q - a +0 battleaxe
 u - a +0 war axe
 E - a +0 battleaxe
 Q - a +0 battleaxe
Missiles
 e - 16 boomerangs
 i - 23 poisoned darts
 o - 9 stones (quivered)
Armour
 l - an orb of light (worn)
 v - a +0 cloak (worn)
 C - a +3 chain mail of fire resistance (worn)
 H - the +0 pair of boots of Wobuip (worn) {Int+2 Stlth+}
   (You found it on level 6 of the Dungeon)

   Int:       It affects your intelligence (+2).
   Stlth:     It makes you more stealthy.
 J - a scarf of invisibility
 L - a +0 plate armour
Jewellery
 f - a +4 ring of slaying (right hand)
 m - a ring of see invisible
 w - a ring of resist corrosion
 D - a +4 ring of protection (left hand)
 G - the amulet of Elemental Vulnerability {rPois rF-- rC-- AC+8}
   (You found it on level 8 of the Dungeon)

   [amulet of nothing]

   AC:        It affects your AC (+8).
   rF:        It makes you very vulnerable to fire.
   rC:        It makes you very vulnerable to cold.
   rPois:     It protects you from poison.
Wands
 A - a wand of flame (56)
 I - a wand of roots (8)
 K - a wand of charming (8)
 O - a wand of mindburst (3)
Scrolls
 g - 2 scrolls of immolation
 k - a scroll of butterflies
 p - a scroll of identify
 s - a scroll of magic mapping
 t - 4 scrolls of fear
 y - a scroll of teleportation
 z - 2 scrolls of poison
 M - a scroll of noise
 N - a scroll of amnesia {unknown}
 P - a scroll of enchant armour
Potions
 c - 2 potions of haste
 d - 3 potions of might
 h - 3 potions of flight {unknown}
 j - a potion of ambrosia {unknown}
 n - 4 potions of curing
 r - 5 potions of lignification
 x - 2 potions of brilliance {unknown}
 B - a potion of mutation {unknown}
 F - 2 potions of degeneration


   Skills:
 - Level 10.0 Fighting
 + Level 10.6 Axes
 * Level 3.2 Throwing
 - Level 10.0 Armour
 * Level 3.0 Dodging
 - Level 3.2 Shields
 + Level 10.6 Invocations
 * Level 3.5 Evocations


You had 10 spell levels left.
You didn't know any spells.
Your spell library contained the following spells:

 Spells                   Type           Power      Damage    Failure   Level
 Beastly Appendage        Tmut           0%         N/A       90%         1
 Foxfire                  Conj/Fire      0%         2x1d4     90%         1
 Wereblood                Tmut           0%         N/A       97%         2
 Conjure Flame            Conj/Fire      0%         6-21      99%         3
 Inner Flame              Hex/Fire       0%         N/A       99%         3
 Ozocubu's Armour         Ice            0%         N/A       99%         3
 Spider Form              Tmut/Pois      0%         N/A       99%         3
 Flame Wave               Conj/Fire      0%         2d4       100%        4
 Olgreb's Toxic Radiance  Pois           0%         N/A       100%        4
 Summon Forest            Summ/Tloc      0%         N/A       100%        5
 Eringya's Noxious Bog    Tmut/Pois      0%         N/A       100%        6
 Ozocubu's Refrigeration  Ice            0%         4d7       100%        7
 Summon Hydra             Summ           0%         N/A       100%        7
 Ignition                 Fire           0%         3d3       100%        8


Dungeon Overview and Level Annotations

Branches:
Dungeon (10/15)            Temple (1/1) D:6            Lair (0/5) D:8
    Orc (0/2) D:10

Altars:
Makhleb
Sif Muna
Vehumet
Lugonu

Annotations:
D:5 2 transporters, quinnr's ghost, novice TeCj
D:10 exclusion: obsidian statue
Abyss:1 Amaemon; Eustachio


Message History

The sixfirhy hits you but does no damage.
The hellwing swoops through the air toward you!
The hellwing hits you.
The hellwing hits you but does no damage.
You slash the obsidian statue!
The obsidian statue is heavily damaged.
You hit the hellwing. You miss the sixfirhy. The sixfirhy closely misses you.
The sixfirhy hits you! The sixfirhy shocks you! The sixfirhy hits you!
The sixfirhy shocks you!
The obsidian statue slips into the dungeon's darkness for a moment.
You hit the obsidian statue.
The obsidian statue is heavily damaged.
You hit the hellwing but do no damage. You hit the sun demon but do no damage.
You slash the sixfirhy!
The hellwing hits you but does no damage.
The hellwing hits you. The sun demon hits you!
* * * LOW HITPOINT WARNING * * *
You are engulfed in flames.
You resist.
* * * LOW HITPOINT WARNING * * *
You hit the obsidian statue.
The obsidian statue is heavily damaged.
You hit the sun demon but do no damage. You hit the sixfirhy.
You hit the hellwing but do no damage. The hellwing completely misses you.
The hellwing hits you but does no damage.
The sun demon hits you but does no damage.
You hit the obsidian statue but do no damage.
The obsidian statue is heavily damaged.
You miss the sixfirhy. You hit the hellwing but do no damage.
You hit the sun demon. The sixfirhy barely misses you.
The hellwing closely misses you. The hellwing hits you.
* * * LOW HITPOINT WARNING * * *
The sun demon hits you but does no damage.
The sixfirhy hits you but does no damage.
You slash the obsidian statue!
The obsidian statue is severely damaged.
You barely miss the hellwing. You hit the sun demon but do no damage.
You barely miss the sixfirhy. The sixfirhy hits you.
* * * LOW HITPOINT WARNING * * *
The sixfirhy shocks you!
You die...

# .. ...## #.#.
....#
#.#.####....#
#...........#
#...........#
##...........#
##............#
......4@3.....#
###....38)....#
#............#
#............#
#............#
#............#
#............#####
#####+..#.........
.........#.......#


You could see an obsidian statue (mesmerising), a sun demon (summoned), a
hellwing (summoned) and a sixfirhy (summoned).

Vanquished Creatures
  Pikel (D:8)
  An elephant (D:8)
  An orange demon (D:8)
  Maggie (D:7)
  A troll (D:9)
  Prince Ribbit (D:8)
  Sigmund (D:3)
  A wraith (D:7)
  4 yaks
  Grum (D:9)
  An acid dragon (D:9)
  4 water moccasins
  An ice beast (D:7)
  3 black bears
  5 orc warriors
  2 sky beasts
  4 wolves (D:9)
  2 ogres
  5 centaurs
  2 lemures (D:8)
  A phantom (D:6)
  2 kobold brigands
  3 necrophages
  A gnoll sergeant (D:6)
  4 bullfrogs (D:7)
  2 scorpions (D:6)
  6 wights
  5 killer bees (D:9)
  5 howler monkeys
  A crimson imp (D:5)
  5 jellies
  7 hounds
  A gnoll bouda (D:7)
  6 orc priests
  3 iguanas
  Natasha (thrice) (D:2)
  9 orc wizards
  Robin (D:2)
  12 gnolls
  5 adders
  3 white imps
  3 ufetubi
  2 worms
  7 dart slugs
  33 orcs
  6 ball pythons
  7 bats
  5 endoplasms
  A giant cockroach (D:2)
  13 goblins
  9 hobgoblins
  8 jackals (D:4)
  18 kobolds
  3 quokkas
  7 rats
249 creatures vanquished.

Vanquished Creatures (others)
  2 fungi (D:8)
  10 plants
12 creatures vanquished.

Grand Total: 261 creatures vanquished

Notes
Turn   | Place    | Note
-------+----------+-------------------------------------------
     0 | D:1      | apoch the Hill Orc Fighter began the quest for the Orb.
     0 | D:1      | Reached XP level 1. HP: 19/19 MP: 1/1
   352 | D:1      | Reached XP level 2. HP: 24/26 MP: 2/2
   978 | D:1      | Found a faded altar of an unknown god.
  1009 | D:1      | Prayed at the altar of an unknown god.
  1009 | D:1      | Became a worshipper of Lugonu the Unformed
  1009 | D:1      | Reached * piety under Lugonu
  1009 | D:1      | Reached ** piety under Lugonu
  1281 | D:2      | Noticed Robin
  1285 | D:2      | Reached XP level 3. HP: 25/31 MP: 3/3
  1293 | D:2      | Killed Robin
  1294 | D:2      | Reached skill level 1 in Invocations
  1493 | D:2      | Found a shimmering blue altar of Sif Muna.
  1531 | D:2      | Reached skill level 5 in Axes
  1574 | D:2      | Reached XP level 4. HP: 39/39 MP: 5/5
  1584 | D:2      | Noticed Natasha
  1593 | D:2      | Killed Natasha
  1593 | D:2      | Noticed Natasha
  1599 | D:2      | Killed Natasha
  1612 | D:2      | Noticed Natasha
  1617 | D:2      | Killed Natasha
  1618 | D:2      | Reached XP level 5. HP: 36/45 MP: 7/7
  2148 | D:2      | Reached *** piety under Lugonu
  2450 | D:3      | Noticed Sigmund
  2456 | D:3      | Killed Sigmund
  2457 | D:3      | Reached skill level 5 in Invocations
  2457 | D:3      | Reached XP level 6. HP: 46/51 MP: 9/9
  2875 | D:3      | Reached XP level 7. HP: 18/57 MP: 9/11
  4533 | D:4      | Reached **** piety under Lugonu
  4988 | D:5      | Entered Level 5 of the Dungeon
  4999 | D:5      | Found a transporter.
  5020 | D:5      | Noticed quinnr's ghost (novice TeCj)
  5036 | D:5      | Found a transporter.
  5224 | D:5      | Reached XP level 8. HP: 15/64 MP: 13/13
  5592 | D:5      | You fall into a shaft and drop 2 floors!
  5716 | D:7      | Noticed Maggie
  5737 | D:7      | Killed Maggie
  5756 | D:7      | Reached skill level 10 in Axes
  6157 | D:6      | Reached skill level 5 in Fighting
  6249 | D:6      | Found a staircase to the Ecumenical Temple.
  6276 | D:6      | Noticed Eustachio
  6285 | D:6      | Banished Eustachio
  6286 | D:6      | Reached XP level 9. HP: 17/75 MP: 10/16
  6310 | Temple   | Entered the Ecumenical Temple
  6784 | D:6      | Identified the +0 pair of boots of Wobuip {Int+2 Stlth+}
  6825 | D:6      | Reached skill level 10 in Invocations
  7319 | D:5      | Found a radiant altar of Vehumet.
  7320 | D:5      | Found a burning altar of Makhleb.
  8192 | D:7      | Reached skill level 10 in Fighting
  8200 | D:7      | Reached skill level 5 in Armour
  8203 | D:7      | Reached XP level 10. HP: 35/93 MP: 17/17
  8224 | D:7      | HP: 2/93 [ice beast (9)]
  8835 | D:8      | Noticed Amaemon
  8835 | D:8      | Noticed an orange demon
  8836 | D:8      | Banished Amaemon
  8846 | D:8      | Killed an orange demon
  9288 | D:8      | Noticed Pikel
  9302 | D:8      | Killed Pikel
  9330 | D:8      | Noticed an elephant
  9349 | D:8      | Killed an elephant
  9350 | D:8      | Reached skill level 10 in Armour
  9517 | D:8      | Found a staircase to the Lair.
  9536 | D:8      | Reached skill level 1 in Throwing
  9536 | D:8      | Reached skill level 1 in Evocations
  9563 | D:8      | Reached skill level 1 in Dodging
  9904 | D:8      | Noticed Prince Ribbit
  9918 | D:8      | Killed Prince Ribbit
  9919 | D:8      | Reached XP level 11. HP: 76/98 MP: 18/18
 10206 | D:8      | Found the amulet of Elemental Vulnerability {rPois rF--
                  | rC-- AC+8}
 10603 | D:9      | Reached ***** piety under Lugonu
 11156 | D:9      | Noticed Grum
 11180 | D:9      | Killed Grum
 11991 | D:10     | Entered Level 10 of the Dungeon
 12080 | D:10     | Found a staircase to the Orcish Mines.
 12108 | D:10     | Noticed an obsidian statue
 12123 | D:10     | Noticed a sixfirhy
 12126 | D:10     | Noticed a sun demon
 12131 | D:10     | Slain by a sixfirhy

Illustrated notes

Levels and vault maps discovered:
D:1:      dpeg_arrival_circle_labyrinth_a, layout_basic, serial_forest,
          infiniplex_forest_end_1, infiniplex_forest_straight_4,
          infiniplex_forest_straight_4, infiniplex_forest_zigzag_1,
          infiniplex_forest_end_1, infiniplex_forest_clump_curved,
          basic_ecumenical_altar, minmay_misc_feat_more_columns, moated_statue
D:2:      layout_basic, basic_altar, minmay_pentomino_v2, uniq_robin,
          uniq_natasha
D:3:      layout_basic, uniq_sigmund
D:4:      layout_basic, st_stairs_3, hangedman_abyss_or_decor_stagger,
          dk_noncrumbling_4, serial_bayou_pond_b, nicolae_titane
D:5:      layout_cave_pools, grunt_temple_overflow_lords_of_destruction,
          gammafunk_ghost_stat_death, minmay_fractal_squares_5
D:6:      layout_rooms, temple_pool_b, nrook_mini_vaults, uniq_eustachio
D:7:      hangedman_cross_stitches, layout_basic, uniq_maggie
D:8:      layout_cave_pods, david_lair_generic, uniq_amaemon, uniq_pikel,
          uniq_prince_ribbit1
D:9:      layout_roguey, abandoned_shop, uniq_grum
D:10:     layout_basic, orc_0_dummy, minivault_16
Temple:   nicolae_temple_slightly_damp_pantheon

Skill      XL: |  1  2  3  4  5  6  7  8  9 10 11 |
---------------+----------------------------------+-----
Axes           | 3 4 5 7 9 10 | 10.6
Invocations    | 2 3 5 7 9 10 | 10.6
Fighting       | 6 10 | 10.0
Armour         | 5 10 | 10.0
Throwing       | 1 3 |  3.2
Evocations     | 1 3 |  3.5
Dodging        | 1 3 |  3.0
Shields        | |  3.2

Action                   |  1- 3 |  4- 6 |  7- 9 | 10-12 || total
-------------------------+-------+-------+-------+-------++-------
Melee: War axe           |    84 |    63 |   283 |   237 ||   667
       Morningstar       |       |       |     1 |       ||     1
Throw: Stone             |    30 |    21 |    20 |    27 ||    98
       Dart              |       |       |       |     1 ||     1
Invok: Banish            |       |       |     1 |     4 ||     5
       Bend Space        |       |       |       |     1 ||     1
Evoke: Wand              |       |       |     4 |     6 ||    10
  Use: Potion            |       |     1 |     6 |     2 ||     9
       Scroll            |       |       |    10 |     1 ||    11
Armor: Scale mail        |    31 |    24 |   103 |       ||   158
       Acid dragon scale |       |       |    58 |    33 ||    91
       Chain mail        |       |       |       |   159 ||   159
Dodge: Dodged            |    30 |    24 |   143 |   142 ||   339
Block: Buckler           |    16 |       |       |       ||    16
